 Dungeon Crawl Stone Soup version 0.30-a0-722-g3e6e8c874d (webtiles) character file.

Game seed: 15295176887481108802

440 avis the Shooter (level 6, -20/51 HPs)
             Began as a Demigod Hunter on Jan 28, 2023.
             Demolished by an ogre
             ... wielding a +0 giant club
              (24 damage)
             ... on level 4 of the Dungeon.
             The game lasted 00:19:31 (3905 turns).

avis the Shooter (Demigod Hunter)                   Turns: 3905, Time: 00:19:31

Health: -20/51     AC:  4    Str: 12    XL:     6   Next: 42%
Magic:  8/8        EV: 14    Int: 11    God:
Gold:   229        SH:  0    Dex: 25    Spells: 3/5 levels left

rFire   . . .      SeeInvis .    b - +0 shortbow
rCold   . . .      Faith    .    (shield currently unavailable)
rNeg    . . .      Spirit   .    c - +0 leather armour
rPois   .          Reflect  .    (no helmet)
rElec   .          Harm     .    (no cloak)
rCorr   .          Rampage  .    h - +0 pair of gloves
Will    .....                    (no boots)
Stlth   ++                       (no amulet)
HPRegen 0.28/turn                (no ring)
MPRegen 0.11/turn                (no ring)

@: no status effects
A: high MP 1, forlorn, divine attributes
a: no special abilities


You were on level 4 of the Dungeon.
You visited 1 branch of the dungeon, and saw 5 of its levels.

You collected 229 gold pieces.

Inventory:

Hand Weapons
 a - a +0 dagger of electrocution
 b - a +0 shortbow (weapon)
 l - a +1 spear of flaming
 s - a +0 long sword
 v - a +0 scimitar
 x - a +1 rapier of draining
Missiles
 w - 5 poisoned darts
 B - 3 boomerangs
 C - a throwing net
Armour
 c - a +0 leather armour (worn)
 h - a +0 pair of gloves (worn)
 u - an orb of wrath
Wands
 A - a wand of flame (17)
Scrolls
 d - 2 scrolls of immolation
 e - 2 scrolls of teleportation {unknown}
 f - 2 scrolls of identify {unknown}
 g - 3 scrolls of enchant armour {unknown}
 i - 2 scrolls of blinking {unknown}
 j - 2 scrolls of torment {unknown}
 k - a scroll of enchant weapon {unknown}
 q - a scroll of poison {unknown}
 r - a scroll of acquirement {unknown}
 y - a scroll of vulnerability {unknown}
Potions
 m - 2 potions of invisibility {unknown}
 n - a potion of heal wounds {unknown}
 o - 3 potions of curing {unknown}
 p - 3 potions of attraction {unknown}
 t - a potion of mutation {unknown}
 z - 2 potions of degeneration {unknown}
 D - a potion of brilliance {unknown}


   Skills:
 - Level 3.0 Fighting
 - Level 6.0 Ranged Weapons
 * Level 3.5 Dodging
 - Level 2.0 Stealth


You had 3 spell levels left.
You knew the following spells:

 Your Spells              Type           Power      Damage    Failure   Level
b - Blink                 Tloc           0%         N/A       56%         2

Your spell library contained the following spells:

 Spells                   Type           Power      Damage    Failure   Level
 Call Canine Familiar     Summ           0%         N/A       80%         3
 Portal Projectile        Hex/Tloc       0%         N/A       80%         3
 Leda's Liquefaction      Hex/Erth       0%         N/A       99%         4
 Manifold Assault         Tloc           0%         N/A       99%         4
 Storm Form               Tmut/Air       0%         N/A       100%        7


Dungeon Overview and Level Annotations

Branches:
Dungeon (5/15)
 Temple: D:4-7


Innate Abilities, Weirdness & Mutations

You have an increased reservoir of magic. (+10% MP)
You shall have no god before yourself.
Your divine heritage dramatically boosts your attributes as you level up.


Message History

The ogre hits you with a +0 giant club!!
Ouch! That really hurt!
* * * LOW HITPOINT WARNING * * *
Fire: b) +0 shortbow
Press: ? - help, Q - select action, (/) - cycle Shift-Dir - straight line, f/p - ogre
Aim: an ogre, wielding a +0 giant club (severely wounded, 80% to hit)
You shoot an arrow. The arrow hits the ogre.
The ogre is severely wounded.
The ogre closely misses you.
Fire: b) +0 shortbow
Press: ? - help, Q - select action, (/) - cycle Shift-Dir - straight line, f/p - ogre
Aim: an ogre, wielding a +0 giant club (severely wounded, 80% to hit)
You shoot an arrow. The arrow hits the ogre.
The ogre is almost dead.
The ogre closely misses you.
Fire: b) +0 shortbow
Press: ? - help, Q - select action, (/) - cycle Shift-Dir - straight line, f/p - ogre
Aim: an ogre, wielding a +0 giant club (almost dead, 80% to hit)
You shoot an arrow. The arrow barely misses the ogre.
Fire: b) +0 shortbow
Press: ? - help, Q - select action, (/) - cycle Shift-Dir - straight line, f/p - ogre
Aim: an ogre, wielding a +0 giant club (almost dead, 80% to hit)
You shoot an arrow.
The arrow hits the ogre but does no damage.
The ogre is almost dead.
The ogre closely misses you.
Fire: b) +0 shortbow
Press: ? - help, Q - select action, (/) - cycle Shift-Dir - straight line, f/p - ogre
Aim: an ogre, wielding a +0 giant club (almost dead, 80% to hit)
You shoot an arrow. The arrow hits the ogre.
The ogre is almost dead.
The ogre misses you.
Fire: b) +0 shortbow
Press: ? - help, Q - select action, (/) - cycle Shift-Dir - straight line, f/p - ogre
Aim: an ogre, wielding a +0 giant club (almost dead, 80% to hit)
You shoot an arrow.
The arrow hits the ogre but does no damage.
The ogre is almost dead.
The ogre hits you with a +0 giant club!!
You die...

.###).....# .##....)..#
..........# ..........#
..........#
##.....>..####
...#)........##########
#..#...#.###.....>....#
#......#...###..@O....#
##.......<............#
##.#...###..##........#
...#<..# ##..#........#
#...#### #............#
##..## ##.#.#........#
##...# #..#.#.)#######
.#...# ##.##.#).#
..#..###.......##


You could see an ogre.

Vanquished Creatures
  A phantom (D:3)
  2 necrophages
  A jelly (D:4)
  7 gnolls
  4 adders
  2 worms
  5 dart slugs
  4 orcs (D:3)
  7 endoplasms
  3 giant cockroaches
  9 goblins
  8 hobgoblins
  4 jackals (D:4)
  10 quokkas
  6 ball pythons
  8 bats
  5 frilled lizards
  5 kobolds
  10 rats
101 creatures vanquished.

Notes
Turn   | Place    | Note
-------+----------+-------------------------------------------
     0 | D:1      | avis the Demigod Hunter began the quest for the Orb.
     0 | D:1      | Reached XP level 1. HP: 17/17 MP: 3/3
   169 | D:1      | Reached skill level 4 in Ranged Weapons
   199 | D:1      | Reached XP level 2. HP: 19/24 MP: 4/4
   720 | D:1      | Reached XP level 3. HP: 29/29 MP: 5/5
  1126 | D:2      | Reached skill level 1 in Stealth
  1486 | D:2      | Reached XP level 4. HP: 32/36 MP: 6/6
  1821 | D:2      | Learned a level 2 spell: Blink
  2844 | D:4      | Noticed a necrophage
  2844 | D:4      | Noticed a phantom
  3016 | D:3      | Reached XP level 5. HP: 36/45 MP: 7/7
  3069 | D:3      | Reached skill level 5 in Ranged Weapons
  3308 | D:4      | Reached XP level 6. HP: 51/51 MP: 8/8
  3325 | D:4      | Reached skill level 6 in Ranged Weapons
  3887 | D:5      | Entered Level 5 of the Dungeon
  3898 | D:4      | HP: 2/51 [ogre/+0 giant club (28)]
  3905 | D:4      | Demolished by an ogre

Illustrated notes

Levels and vault maps discovered:
D:1:      saegor_arrival_simple_b, layout_loops_ring, amcnicky_mini_pool_small
D:2:      layout_loops_cross, guppyfry_early_lair_pool
D:3:      layout_basic, minitemple, chequers_ecumenical_altar_simple_redux
D:4:      layout_rooms, elyvilon_altar_1, nicolae_overflow_hidden_temple,
          grunt_temple_overflow_open
D:5:      layout_cave_pools, overflow_temple_1_default, amcnicky_altar_gilded,
          ashenzari_conservatory_becter, enter_ossuary_1,
          serial_co_window_serial, co_window_of_opportunity_a,
          co_window_of_opportunity_a, co_window_paths_b, co_window_corner_a,
          co_window_corner_a, co_window_of_opportunity_a, co_window_paths_a,
          co_window_corner_b, co_window_2corner, co_window_of_opportunity_b,
          co_window_corner_ca, co_window_4corner_b

Skill      XL: |  1  2  3  4  5  6 |
---------------+-------------------+-----
Fighting       | 2 3 |  3.0
Ranged Weapons | 4 5 6 |  6.0
Dodging        | 2 3 |  3.5
Stealth        | 2 |  2.0

Action                     |  1- 3 |  4- 6 || total
---------------------------+-------+-------++-------
  Melee: Dagger            |    57 |    10 ||    67
         Punch             |     1 |       ||     1
   Fire: Shortbow          |    87 |   185 ||   272
 Armour: Leather armour    |    19 |    13 ||    32
  Dodge: Dodged            |    44 |    73 ||   117

Table legend: (Time is in decaauts)
 A = Elapsed time spent in this place.
 B = Non-inter-level travel time spent in this place.
 C = Inter-level travel time spent in this place.
 D = Time resting spent in this place.
 E = Time spent auto-exploring this place.
 F = Levels seen in this place.
 G = Mean time per level.
                   A        B        C        D        E       F      G
               +--------+--------+--------+--------+--------+-----+--------+
         Total |   3986 |   3592 |    394 |    865 |   1759 |   5 |  797.2 |
       Dungeon |   3986 |   3592 |    394 |    865 |   1759 |   5 |  797.2 |
               +--------+--------+--------+--------+--------+-----+--------+

Top non-repeatable levels by time:
     D:1: 1262 daAuts
     D:2: 1004 daAuts
     D:3: 953 daAuts
     D:4: 760 daAuts
     D:5: 5 daAuts
